Map: Catalyst LE

Players

Pawn

  • Race: Zerg Zerg
  • League: Silver
  • Spawn Location: 11:00

Test - Winner!

  • Race: Terran Terran
  • League: Silver
  • Spawn Location: 5:00

VOD

Have the link to the VOD?

Description

Time

  • Played on: May 15, 2018, 8:44 p.m.
  • Length: 26:44
Show
View Real Time Build Order
Export as new Build Order

Pawn Zerg 

Build Orders: Pool First 

Get SALT Encoding   

  12  0:02  Drone  
  13  0:10  Drone  
  14  0:18  Overlord  
  14  0:35  Spawning Pool  
  14  0:37  Drone  
  14  0:45  Drone x2  
  14  0:49  Drone  
  17  1:15  Hatchery  
  16  1:20  Drone x2  
  16  1:23  Extractor  
  17  1:29  Queen  
  19  1:34  Zergling x2  
  19  1:37  Zergling x2  
  21  1:42  Drone  
  22  1:55  Overlord  
  22  1:56  Extractor  
  21  2:12  Drone  
  21  2:13  Queen  
  21  2:14  Drone  
  25  2:24  Metabolic Boost  
  25  2:28  Drone  
  26  2:41  Drone  
  26  2:42  Drone  
  26  2:43  Drone  
  29  2:49  Overlord  
  29  2:57  Drone  
  30  3:02  Baneling Nest, Drone  
  30  3:11  Drone x4  
  34  3:25  Zergling x2  
  34  3:26  Zergling x12  
  39  3:39  Drone  
  40  3:43  Evolution Chamber  
  39  3:51  Overlord  
  39  3:55  Overlord  
  39  3:57  Drone x3  
  40  4:10  Baneling  
  40  4:12  Baneling  
  40  4:13  Baneling  
  40  4:14  Baneling  
  40  4:15  Zergling x2  
  40  4:16  Zergling x10  
  46  4:28  Evolution Chamber  
  42  4:42  Spine Crawler  
  42  4:44  Spine Crawler  
  36  4:55  Zergling x10  
  30  5:08  Zergling x2  
  30  5:09  Zergling x14  
  37  5:31  Queen  
  37  5:32  Drone x2  
  37  5:35  Drone x4  
  44  5:42  Baneling x2  
  45  5:49  Baneling x2  
  45  5:50  Baneling x2  
  45  5:52  Queen  
  45  5:53  Drone x2  
  45  5:56  Drone x2  
  51  6:01  Spine Crawler  
  51  6:03  Baneling x4  
  51  6:04  Baneling  
  37  6:28  Zerg Ground Armor Level 1  
  37  6:30  Zerg Melee Weapons Level 1  
  37  6:31  Zergling x2  
  37  6:32  Zergling x12  
  44  6:44  Zergling x8  
  48  6:52  Drone  
  49  6:57  Lair  
  49  7:01  Spore Crawler  
  48  7:03  Drone  
  49  7:10  Zergling x2  
  49  7:11  Zergling x4  
  49  7:12  Baneling x3  
  49  7:15  Drone x4  
  55  7:18  Extractor  
  55  7:19  Spore Crawler  
  44  7:42  Zergling x2  
  44  7:43  Zergling x16  
  48  8:05  Baneling x4  
  48  8:06  Baneling x5  
  48  8:09  Centrifical Hooks  
  48  8:16  Drone x3  
  48  8:17  Drone x2  
  53  8:26  Zerg Ground Armor Level 2  
  53  8:32  Hatchery  
  52  8:39  Hatchery  
  47  8:50  Baneling x5  
  47  8:51  Baneling  
  47  8:55  Zergling x2  
  48  8:56  Zergling x16  
  56  9:17  Evolution Chamber  
  47  9:42  Drone x5  
  47  9:43  Drone  
  53  9:46  Extractor  
  53  9:49  Zerg Melee Weapons Level 2  
  53  9:50  Spine Crawler  
  51  9:55  Baneling x2  
  51  9:56  Zergling x8  
  51  9:57  Zergling x18  
  64  10:12  Overseer  
  64  10:24  Hatchery  
  64  10:28  Drone x3  
  64  10:32  Drone x4  
  64  10:35  Drone x2  
  72  10:37  Overlord x4  
  66  10:53  Overseer  
  66  10:55  Overlord x4  
  66  11:06  Roach Warren  
  66  11:10  Hydralisk Den  
  64  11:23  Spine Crawler  
  63  11:26  Zergling x6, Spore Crawler  
  63  11:27  Zergling x18  
  74  11:33  Overseer  
  74  11:38  Spore Crawler, Drone  
  74  11:39  Drone x3  
  77  11:42  Extractor  
  76  11:47  Extractor  
  76  11:49  Spore Crawler  
  74  11:59  Drone x3  
  77  12:08  Roach x2  
  79  12:09  Roach x5  
  79  12:12  Baneling x2  
  79  12:13  Baneling x3  
  82  12:37  Drone x3  
  82  12:43  Roach x11  
  107  12:45  Baneling  
  107  12:49  Baneling  
  107  12:50  Baneling  
  107  12:54  Baneling  
  107  12:55  Baneling  
  105  13:03  Drone  
  105  13:04  Drone x2  
  105  13:05  Overlord x4  
  108  13:18  Drone, Spine Crawler  
  108  13:20  Drone x3, Spine Crawler  
  110  13:34  Baneling x6  
  110  13:35  Baneling x2  
  110  13:37  Queen  
  110  13:38  Drone  
  110  13:39  Drone  
  89  13:58  Drone x3, Queen  
  89  13:59  Zergling x2  
  89  14:00  Zergling x32  
  103  14:38  Grooved Spines  
  103  14:50  Glial Reconstitution  
  103  14:53  Burrow  
  103  14:59  Drone  
  105  15:00  Drone x4  
  105  15:01  Zergling x18  
  105  15:02  Zergling x12  
  105  15:03  Baneling x7  
  105  15:04  Baneling x5  
  123  15:22  Extractor  
  123  15:23  Drone x3, Extractor  
  124  15:32  Spine Crawler  
  124  15:34  Spine Crawler  
  124  15:35  Spine Crawler  
  120  15:36  Spine Crawler  
  120  15:37  Spine Crawler  
  120  15:41  Drone x3  
  121  15:50  Muscular Augments  
  121  16:10  Drone x4  
  121  16:24  Spore Crawler  
  91  16:26  Spore Crawler  
  91  16:29  Spore Crawler  
  84  16:34  Zergling x2  
  84  16:35  Zergling x42  
  84  16:36  Zergling x10  
  97  16:52  Zergling x22  
  107  16:58  Baneling x5  
  107  16:59  Baneling x4  
  107  17:01  Baneling  
  106  17:05  Zergling x2  
  106  17:06  Zergling x6  
  108  17:12  Baneling  
  108  17:13  Baneling x7  
  108  17:14  Baneling x4  
  108  17:17  Drone  
  108  17:21  Baneling x4  
  103  17:32  Hatchery  
  103  17:34  Queen  
  99  17:54  Roach x7, Drone x15  
  99  17:55  Roach x7  
  99  17:57  Hydralisk x7  
  99  17:58  Hydralisk  
  143  18:00  Overlord  
  143  18:14  Overlord x2  
  138  18:45  Hatchery  
  132  18:57  Drone x2  
  133  19:20  Hatchery  
  124  19:27  Drone x3  
  127  19:36  Infestation Pit  
  126  19:48  Zergling x32  
  126  19:49  Zergling x6  
  129  20:02  Roach x12  
  136  20:22  Zergling x2  
  136  20:23  Zergling x16  
  139  20:47  Queen  
  139  20:49  Queen  
  143  20:51  Drone  
  143  20:52  Drone  
  145  20:58  Zergling x4  
  145  20:59  Zergling x24  
  159  21:21  Hatchery  
  143  21:31  Hydralisk  
  143  21:32  Hydralisk x5  
  141  21:33  Hydralisk  
  141  21:34  Roach x4  
  144  21:54  Spine Crawler  
  143  22:06  Zergling x18  
  152  22:13  Spine Crawler x2  
  152  22:14  Spine Crawler  
  152  22:15  Spine Crawler x4  
  145  22:16  Hive, Spine Crawler x2  
  145  22:17  Spine Crawler  
  145  22:21  Zerg Missile Weapons Level 1  
  142  22:27  Zergling x2  
  142  22:28  Zergling x8  
  147  22:46  Baneling x11  
  147  22:47  Baneling x7  
  147  22:49  Queen  
  147  22:55  Baneling x6  
  119  23:13  Roach  
  119  23:14  Roach x4  
  128  23:20  Zergling x2  
  128  23:21  Zergling x4  
  122  24:16  Baneling x5  
  122  24:17  Baneling  
  42  25:19  Hatchery  
  40  25:52  Zergling x2  
  40  25:53  Zergling x34  
  40  25:54  Roach  
  40  25:55  Roach x3  
  66  26:14  Baneling x7  
  66  26:15  Baneling  
Show
View Real Time Build Order
Export as new Build Order

Test Terran - Winner!

Build Orders: MMM Bio 

Get SALT Encoding   

  12  0:00  SCV  
  13  0:12  SCV  
  14  0:19  Supply Depot  
  14  0:24  SCV  
  15  0:28  Refinery  
  15  0:41  SCV  
  16  0:49  Barracks  
  16  0:54  SCV  
  17  1:04  Barracks  
  17  1:09  SCV  
  18  1:21  Barracks  
  19  1:25  SCV  
  19  1:36  Barracks Tech Lab  
  19  1:37  SCV  
  20  1:48  Barracks  
  20  1:56  Barracks Reactor  
  20  1:58  Marine  
  21  2:06  Orbital Command  
  21  2:10  Barracks Reactor  
  21  2:19  Marine, Supply Depot  
  22  2:36  Barracks Reactor  
  22  2:37  Marine  
  22  2:41  Marine  
  22  2:42  Marine  
  25  2:54  Marine  
  25  2:57  Marine x2, Supply Depot  
  28  2:58  Marine  
  28  3:00  Marine  
  30  3:12  Marine  
  31  3:20  Command Center  
  31  3:33  Marine x3  
  34  3:35  Marine  
  34  3:38  Supply Depot  
  34  3:41  Stimpack  
  36  3:52  Marine  
  36  3:56  Supply Depot  
  36  3:58  Bunker  
  36  4:00  Marine x2  
  38  4:06  Marine x2  
  38  4:08  Marine  
  41  4:11  Marine  
  41  4:13  Marine  
  43  4:20  SCV  
  44  4:32  SCV  
  44  4:35  Orbital Command  
  45  4:40  Marine x2  
  45  4:44  SCV  
  48  4:47  Marine  
  48  4:48  Marine  
  48  4:50  Marine  
  50  4:56  SCV  
  38  5:08  Marine x3  
  38  5:11  Marine x4  
  43  5:25  Marine  
  43  5:26  Marine x2  
  43  5:28  Marine, SCV  
  43  5:29  Marine  
  46  5:35  Marine x2  
  46  5:39  SCV  
  49  5:43  Marine  
  49  5:49  SCV, Marine  
  51  5:50  Marine  
  51  5:51  SCV, Marine  
  55  5:58  Marine x2  
  55  5:59  Marine  
  55  6:01  SCV  
  55  6:03  Marine  
  60  6:07  Marine x2  
  60  6:09  Marine  
  57  6:20  Marine x3  
  57  6:21  Marine  
  55  6:25  Marine  
  55  6:26  Marine  
  55  6:27  Marine  
  58  6:33  SCV x2  
  58  6:37  Marine  
  58  6:38  Marine x2  
  58  6:39  Marine  
  64  6:43  Marine x2  
  64  6:45  Marine, SCV  
  64  6:46  SCV  
  69  6:50  Supply Depot  
  69  6:55  Marine  
  70  7:11  Marine x6, SCV  
  70  7:12  Command Center  
  70  7:13  Marine  
  72  7:29  Marine x6  
  68  7:31  Marine  
  55  7:47  Marine x6  
  55  7:49  Marine  
  62  7:52  SCV x2  
  64  8:04  Marine x6  
  70  8:06  Marine, Engineering Bay  
  70  8:07  Combat Shields  
  71  8:22  Marine x6  
  71  8:24  Marine  
  78  8:32  Engineering Bay  
  78  8:40  Marine x6  
  64  8:42  Marine  
  61  8:58  Marine x6  
  61  9:00  Marine  
  68  9:05  Orbital Command  
  68  9:06  SCV x2  
  70  9:16  Marine x6  
  76  9:17  Barracks x2  
  76  9:18  Marine, SCV x2, Terran Infantry Weapons Level 1, Terran Infantry Armor Level 1  
  76  9:20  Barracks  
  76  9:23  Barracks  
  74  9:30  SCV  
  65  9:34  Marine x6  
  65  9:36  Marine  
  66  9:51  Marine x6  
  72  9:53  Marine  
  73  10:04  SCV  
  73  10:05  SCV x2  
  76  10:09  Marine x6  
  76  10:11  Marine  
  83  10:16  SCV  
  83  10:17  SCV  
  83  10:18  Command Center  
  85  10:25  SCV  
  85  10:27  Marine x6  
  92  10:29  Marine  
  93  10:37  SCV  
  79  10:45  Marine x6  
  79  10:47  Marine  
  79  10:49  SCV  
  81  10:56  SCV  
  81  10:57  SCV  
  83  11:01  SCV  
  83  11:03  Marine x6  
  90  11:05  Marine  
  90  11:08  SCV  
  90  11:09  SCV  
  93  11:11  Sensor Tower  
  93  11:15  Barracks Reactor x3  
  93  11:16  Barracks Reactor  
  93  11:29  Marine x7, SCV x3  
  93  11:30  Barracks  
  93  11:31  Supply Depot  
  103  11:34  Factory  
  103  11:35  Supply Depot  
  103  11:41  SCV  
  103  11:42  SCV  
  103  11:45  Orbital Command  
  105  11:47  Marine x3  
  105  11:52  Marine x4, SCV  
  105  11:54  SCV x2  
  115  11:55  Supply Depot  
  115  11:56  Marine x3  
  115  11:59  Marine, Supply Depot  
  115  12:00  Marine  
  120  12:05  SCV, Marine x3  
  124  12:17  Marine x8  
  124  12:19  Barracks  
  124  12:20  Marine x4  
  134  12:23  Marine x3  
  117  12:32  Command Center  
  117  12:34  Marine x8  
  121  12:38  Marine x4  
  121  12:40  Marine x3  
  121  12:41  Armory  
  128  12:52  Marine x8, Barracks  
  128  12:56  Marine x4  
  133  12:58  Marine x3  
  136  13:06  Barracks  
  136  13:10  Marine x4  
  140  13:23  Supply Depot  
  140  13:24  Supply Depot  
  140  13:26  Supply Depot  
  140  13:36  Terran Infantry Weapons Level 2, Terran Infantry Armor Level 2  
  140  13:41  Marine x11  
  140  13:42  Marine x4  
  140  13:43  Barracks  
  111  13:49  Marine  
  111  13:51  Unknown  
  112  13:59  Marine x15  
  127  14:07  Marine  
  127  14:17  Marine x15  
  118  14:24  Marine  
  114  14:33  SCV x4  
  114  14:34  Marine x9, Orbital Command  
  114  14:35  Marine x6  
  133  14:42  Marine  
  134  14:52  Marine x9  
  134  14:53  Marine x6  
  149  15:00  Marine  
  149  15:03  Barracks Reactor  
  150  15:09  SCV  
  150  15:10  SCV, Marine x9  
  150  15:11  Marine x6  
  167  15:18  Marine  
  168  15:28  Marine x11  
  168  15:29  Sensor Tower  
  168  15:33  Marine x4  
  176  15:36  Marine  
  176  15:40  Marine x2  
  179  15:45  Supply Depot  
  179  15:47  Supply Depot x2  
  179  15:49  Supply Depot  
  179  16:06  Marine x8  
  179  16:08  Marine x10  
  179  16:11  Supply Depot  
  197  16:13  Command Center  
  197  16:24  Marine x8  
  153  16:26  Marine x10  
  125  16:42  Marine x8  
  125  16:44  Marine x10  
  142  16:59  Marine x9  
  142  17:00  Marine x2  
  153  17:01  Marine x8  
  153  17:02  Marine x2  
  150  17:17  Marine x7  
  150  17:18  Marine  
  150  17:19  Marine x2  
  156  17:25  Marine x8  
  156  17:35  Marine x5  
  155  17:37  Marine x2  
  155  17:40  Barracks Reactor x2  
  155  17:41  Barracks Reactor  
  155  17:42  Marine x2  
  155  17:43  Marine x3  
  159  17:45  Barracks Reactor  
  159  17:49  Marine x5  
  164  17:53  Marine x5, Planetary Fortress  
  164  17:55  SCV, Marine x2  
  172  18:00  Marine x3  
  172  18:01  Marine x2  
  177  18:06  Marine x2  
  177  18:07  Marine x3  
  177  18:11  Marine x3, Terran Infantry Weapons Level 3  
  185  18:23  Refinery  
  185  18:27  Marine x4  
  185  18:28  Marine x5, Refinery  
  185  18:29  Marine x6  
  185  18:51  SCV  
  186  18:57  Marine x2  
  186  18:58  Marine x9  
  186  18:59  Marine x3  
  200  19:15  Refinery  
  183  19:27  Marine x5, Refinery  
  183  19:28  Marine x8  
  183  19:29  Marine x5  
  199  19:46  Marine  
  123  20:14  Marine x2  
  123  20:15  Marine x2  
  107  20:22  Marine x3  
  107  20:28  Marine x6  
  91  20:29  Marine x4  
  91  20:30  Marine x4  
  91  20:31  Marine x4  
  91  20:32  Marine x3  
  91  20:33  Marine  
  109  20:40  Marine x3  
  112  20:45  Marine  
  112  20:46  Marine x5  
  112  20:47  Marine x6  
  112  20:48  Marine x4  
  112  20:49  Marine x2  
  130  20:50  Marine x4  
  134  20:57  Marine x2  
  134  20:58  Marine  
  134  21:03  Marine x2  
  134  21:04  Marine x4  
  140  21:05  Marine x7  
  140  21:06  Marine x3  
  140  21:07  Marine x2, Terran Infantry Armor Level 3  
  140  21:08  Marine x4  
  159  21:15  Marine x3  
  162  21:21  Marine x4  
  162  21:22  Marine x4  
  162  21:23  Marine x6  
  162  21:24  Marine x2  
  162  21:25  Marine x2  
  160  21:26  Marine x4  
  146  21:33  Marine x3  
  146  21:39  Marine x4  
  150  21:40  Marine x4  
  150  21:41  Marine x6  
  150  21:42  Marine x4  
  150  21:43  Marine  
  150  21:44  Marine x3  
  150  21:51  Marine x3  
  153  21:57  Marine x5  
  153  21:58  Marine x4  
  153  21:59  Marine x5  
  153  22:00  Marine x4  
  168  22:01  Marine x2  
  168  22:02  Marine x2  
  172  22:09  Marine x3  
  172  22:14  Marine  
  172  22:15  Marine x5  
  179  22:16  Marine x5  
  179  22:17  Marine x5  
  179  22:18  Marine x2  
  179  22:19  Marine x4  
  197  22:26  Marine  
  197  22:27  Marine x2  
  189  23:03  Marine  
  189  23:04  Marine x2  
  191  23:12  Marine x7  
  113  23:13  Marine x6  
  113  23:14  Marine x6  
  117  23:26  Marine x3  
  117  23:27  Marine x3  
  97  23:29  Marine  
  97  23:30  Marine x7  
  97  23:31  Marine x6  
  97  23:32  Marine x5  
  119  23:44  Marine x4  
  119  23:45  Marine x2  
  119  23:47  Marine x2  
  119  23:48  Marine x7  
  128  23:49  Marine x6  
  128  23:50  Marine x4  
  142  24:02  Marine x5  
  145  24:03  Marine  
  145  24:05  Marine x3  
  145  24:06  Marine x7  
  145  24:07  Marine x6  
  145  24:08  Marine x3  
  167  24:19  Marine  
  167  24:20  Marine x4  
  167  24:21  Marine  
  167  24:23  Marine x5  
  167  24:24  Marine x6, Sensor Tower  
  178  24:25  Marine x6  
  178  24:26  Marine x2  
  192  24:37  Marine x2  
  192  24:38  Marine x4  
  170  24:41  Marine x6  
  170  24:42  Marine x6  
  170  24:43  Marine x6  
  170  24:44  Marine  
  134  24:55  Marine x2  
  134  24:56  Marine x4  
  134  24:59  Marine x7  
  130  25:00  Marine x7  
  130  25:01  Marine x5  
  132  25:13  Marine x4  
  132  25:14  Marine x2  
  132  25:16  Marine  
  132  25:17  Marine  
  136  25:39  Marine x2  
  136  25:40  Marine x11  
  149  25:59  Marine x3  
  149  26:00  Marine  
Tags
 
Composition
MMM Bio
Matchup
TvZ
Opening
Pool First
Spawn Locations
Cross Positions
Add a new tag
Caveats
  • Supply blocks, unpowered buildings, or Contaminate may cause inaccurate times.
  • Supply counts are checked every 10 seconds.